 Dungeon Crawl Stone Soup version 0.28.0-43-g3370ac3207 (webtiles) character file.

Game seed: 15935132886200250610

1094 jimonade the Magician (level 8, -8/60 HPs)
             Began as a Gnoll Wanderer on Mar 18, 2022.
             Engulfed by a steam dragon's steam (9 damage)
             ... on level 4 of the Dungeon.
             The game lasted 00:26:34 (4765 turns).

jimonade the Magician (Gnoll Wanderer)              Turns: 4765, Time: 00:26:34

Health: -8/60      AC:  3    Str:  7    XL:     8   Next: 31%
Magic:  15/17      EV: 13    Int: 17    God:
Gold:   158        SH:  0    Dex: 13    Spells: 7/19 levels left

rFire   . . .      SeeInvis .   K - +0 short sword (speed)
rCold   . . .      Faith    .   (no shield)
rNeg    . . .      Spirit   .   c - +0 robe
rPois   .          Reflect  .   (no helmet)
rElec   +          Harm     .   b - +0 cloak
rCorr   +          Rampage  .   (no gloves)
Will    .....                   (no boots)
Stlth   ++........              q - amulet of regeneration
HPRegen 1.00/turn               w - ring "Sunan" {rElec rCorr}
MPRegen 0.15/turn               I - ring of resist corrosion

@: no status effects
A: fangs 1, strong nose, distributed training
a: no special abilities


You were on level 4 of the Dungeon.
You visited 1 branch of the dungeon, and saw 5 of its levels.
You also visited: Sewer.

You collected 158 gold pieces.

Inventory:

Hand Weapons
 n - a +0 hunting sling
 y - a +0 halberd
 K - a +0 short sword of speed (weapon)
 N - a +0 hand crossbow
Missiles
 e - 170 stones
 o - 66 bolts
 s - 65 sling bullets
 B - 18 arrows
 H - a boomerang of dispersal
 J - 21 poisoned darts
 L - 2 curare-tipped darts
Armour
 b - a +0 cloak (worn)
 c - a +0 robe (worn)
 t - a +1 scale mail of fire resistance
 G - a +0 chain mail
Magical Staves
 j - a staff of death
Jewellery
 q - an amulet of regeneration (around neck)
 w - the ring "Sunan" (left hand) {rElec rCorr}
   (You found it on level 3 of the Dungeon)

   [ring of resist corrosion]

   rElec:     It insulates you from electricity.
   rCorr:     It protects you from acid and corrosion.
 I - a ring of resist corrosion (right hand)
Wands
 d - a wand of iceblast (2)
Scrolls
 f - a scroll of identify
 h - a scroll of blinking {unknown}
 k - 4 scrolls of teleportation {unknown}
 p - a scroll of amnesia {unknown}
 v - a scroll of holy word {unknown}
 x - 3 scrolls of enchant weapon {unknown}
 C - a scroll of acquirement {unknown}
 D - a scroll of silence {unknown}
 E - a scroll of noise {unknown}
Potions
 i - a potion of lignification {unknown}
 l - 3 potions of invisibility
 r - a potion of heal wounds
 u - 4 potions of magic
 z - a potion of curing
 A - 2 potions of resistance
 F - 4 potions of brilliance
 M - a potion of might {unknown}


   Skills:
 + Level 4.1 Fighting
 + Level 3.1 Short Blades
 + Level 3.1 Long Blades
 + Level 3.1 Axes
 + Level 3.1 Maces & Flails
 + Level 3.1 Polearms
 + Level 3.1 Staves
 + Level 3.1 Slings
 + Level 3.1 Bows
 + Level 3.1 Crossbows
 + Level 3.1 Throwing
 + Level 3.1 Armour
 + Level 4.1 Dodging
 + Level 4.0 Stealth
 + Level 3.1 Shields
 + Level 3.1 Unarmed Combat
 + Level 6.0 Spellcasting
 + Level 4.6 Conjurations
 + Level 2.5 Hexes
 + Level 2.5 Summonings
 + Level 2.5 Necromancy
 + Level 2.5 Translocations
 + Level 2.5 Transmutations
 + Level 2.5 Fire Magic
 + Level 2.5 Ice Magic
 + Level 2.5 Air Magic
 + Level 2.5 Earth Magic
 + Level 2.5 Poison Magic
 + Level 4.4 Invocations
 + Level 5.6 Evocations


You had 7 spell levels left.
You knew the following spells:

 Your Spells              Type           Power      Damage    Failure   Level
a - Foxfire               Conj/Fire      68%        2x1d7     3%          1
b - Blink                 Tloc           26%        N/A       7%          2
c - Mephitic Cloud        Conj/Pois/Air  16%        N/A       10%         3
d - Dazzling Flash        Conj/Hex       34%        N/A       9%          3
e - Tukima's Dance        Hex            13%        N/A       14%         3

Your spell library contained the following spells:

 Spells                   Type           Power      Damage    Failure   Level
 Animate Skeleton         Necr           26%        N/A       4%          1
 Apportation              Tloc           26%        N/A       4%          1
 Summon Small Mammal      Summ           52%        N/A       4%          1
 Lesser Beckoning         Tloc           13%        N/A       14%         3
 Passage of Golubria      Tloc           13%        N/A       41%         4
 Agony                    Necr           13%        N/A       77%         5
 Manifold Assault         Tloc           13%        N/A       77%         5
 Silence                  Hex/Air        6%         N/A       77%         5
 Yara's Violent Unravell  Hex/Tmut       6%         3d5       77%         5


Dungeon Overview and Level Annotations

Branches:
Dungeon (5/15)              Sewer (visited)
 Temple: D:4-7

Altars:
Uskayaw


Innate Abilities, Weirdness & Mutations

You have very sharp teeth.
Your uncanny sense of smell can sniff out nearby items.
Your experience applies equally to all skills.


Message History

The steam dragon is heavily wounded.
You hit the steam dragon but do no damage.
Your bite misses the steam dragon.
The steam dragon is heavily wounded.
The steam dragon bites you! The steam dragon claws you.
You hit the steam dragon. Your punch misses the steam dragon.
Your bite misses the steam dragon.
The steam dragon is severely wounded.
The steam dragon misses you. The steam dragon claws you.
You conjure some foxfire!
The steam dragon bites you. The steam dragon barely misses you.
You are too injured to fight recklessly!
You are too injured to fight recklessly!
You closely miss the steam dragon.
You punch the steam dragon, but do no damage.
The steam dragon is severely wounded.
The foxfire hits the steam dragon but does no damage.
The steam dragon is severely wounded.
The foxfire hits the steam dragon.
The steam dragon is severely wounded.
You are too injured to fight recklessly!
You are too injured to fight recklessly!
You are too injured to fight recklessly!
You hit the steam dragon. Your punch misses the steam dragon.
The steam dragon is severely wounded.
The steam dragon breathes steam at you. The ball of steam hits you!!
* * * LOW HITPOINT WARNING * * *
You hit the steam dragon but do no damage.
The steam dragon is severely wounded.
You are engulfed in a cloud of scalding steam.
* * * LOW HITPOINT WARNING * * *
The steam dragon bites you.
* * * LOW HITPOINT WARNING * * *
The steam dragon closely misses you.
Casting: Foxfire (safe; 3% risk of failure)
Press: ? - help, Q - select action, (/) - cycle Dir - look around, f - activate You conjure some foxfire!
You are engulfed in a cloud of scalding steam.
You die...

...#.......#........##.........##
...#.##........................#
...#####.........###.......#..##
...# ##.##.....# ##..#...##.#
...# #####....###..###..#..# .###
#.......#..........# .##
##...........)!....# ..#
#...D........####.## ..#
##..v@.#....## ### ###
#.#v.###..## ###### ##.# ###


You could see a steam dragon (catching breath, ally target).

Vanquished Creatures
  Grinder (D:3)
  A necrophage (D:3)
  An ogre (D:4)
  A phantom (D:4)
  4 kobold brigands (Sewer)
  A scorpion (D:3)
  2 orc priests (D:4)
  Terence (D:2)
  3 orc wizards (D:4)
  4 gnolls (D:3)
  2 adders
  A river rat (D:4)
  An ufetubus (D:4)
  3 worms
  A dart slug (D:1)
  8 orcs
  6 endoplasms
  7 giant cockroaches
  7 goblins
  5 hobgoblins
  2 quokkas
  8 ball pythons
  8 bats
  2 frilled lizards
  15 kobolds
  7 rats
102 creatures vanquished.

Vanquished Creatures (collateral kills)
  4 foxfires (Sewer)
4 creatures vanquished.

Vanquished Creatures (others)
  376 foxfires
  2 plants (Sewer)
378 creatures vanquished.

Grand Total: 484 creatures vanquished

Notes
Turn   | Place    | Note
-------+----------+-------------------------------------------
     0 | D:1      | jimonade the Gnoll Wanderer began the quest for the Orb.
     0 | D:1      | jimonade set off with the following items: a +0 dagger, a
                  | +0 cloak, a +0 robe, a wand of iceblast (2); and the
                  | following spell memorised: Foxfire; and the following
                  | spells available to memorise: Mephitic Cloud
     0 | D:1      | Reached XP level 1. HP: 17/17 MP: 6/6
   316 | D:1      | Reached XP level 2. HP: 21/23 MP: 3/7
   689 | D:1      | Found a faded altar of an unknown god.
   974 | D:2      | Reached skill level 5 in Spellcasting
   974 | D:2      | Reached XP level 3. HP: 9/28 MP: 2/9
  1601 | D:2      | Noticed Terence
  1622 | D:2      | Killed Terence
  1623 | D:2      | Reached skill level 1 in Short Blades
  1623 | D:2      | Reached skill level 1 in Long Blades
  1623 | D:2      | Reached skill level 1 in Axes
  1623 | D:2      | Reached skill level 1 in Maces & Flails
  1623 | D:2      | Reached skill level 1 in Polearms
  1623 | D:2      | Reached skill level 1 in Staves
  1623 | D:2      | Reached skill level 1 in Slings
  1623 | D:2      | Reached skill level 1 in Bows
  1623 | D:2      | Reached skill level 1 in Crossbows
  1623 | D:2      | Reached skill level 1 in Throwing
  1623 | D:2      | Reached skill level 1 in Armour
  1623 | D:2      | Reached skill level 1 in Shields
  1623 | D:2      | Reached skill level 1 in Unarmed Combat
  1623 | D:2      | Reached XP level 4. HP: 27/34 MP: 2/11
  1927 | D:3      | Learned a level 2 spell: Blink
  1931 | D:3      | Learned a level 3 spell: Mephitic Cloud
  1970 | D:3      | Noticed Grinder
  1979 | D:3      | Paralysed by Grinder for 7 turns
  1981 | D:3      | Killed Grinder
  1982 | D:3      | Reached skill level 1 in Hexes
  1982 | D:3      | Reached skill level 1 in Summonings
  1982 | D:3      | Reached skill level 1 in Necromancy
  1982 | D:3      | Reached skill level 1 in Translocations
  1982 | D:3      | Reached skill level 1 in Transmutations
  1982 | D:3      | Reached skill level 1 in Fire Magic
  1982 | D:3      | Reached skill level 1 in Ice Magic
  1982 | D:3      | Reached skill level 1 in Air Magic
  1982 | D:3      | Reached skill level 1 in Earth Magic
  1982 | D:3      | Reached skill level 1 in Poison Magic
  1982 | D:3      | Reached XP level 5. HP: 41/41 MP: 4/12
  1982 | D:3      | Reached XP level 6. HP: 47/47 MP: 4/13
  2068 | D:3      | Identified the ring "Sunan" {rElec rCorr}
  2136 | D:3      | Found a hide-covered altar of Uskayaw.
  2614 | D:3      | Reached skill level 5 in Evocations
  2722 | D:3      | Noticed a necrophage
  2751 | D:3      | Killed a necrophage
  2864 | D:3      | Learned a level 3 spell: Dazzling Flash
  3118 | D:4      | Reached XP level 7. HP: 52/52 MP: 8/15
  3574 | D:4      | Found a glowing drain.
  3686 | Sewer    | Entered a sewer
  3892 | Sewer    | Reached XP level 8. HP: 60/60 MP: 9/16
  4530 | D:4      | Reached skill level 6 in Spellcasting
  4732 | D:4      | Learned a level 3 spell: Tukima's Dance
  4742 | D:5      | Entered Level 5 of the Dungeon
  4764 | D:4      | HP: 1/60 [steam dragon (5)]
  4765 | D:4      | Engulfed by a steam dragon's steam

Illustrated notes

Levels and vault maps discovered:
D:1:      wander_arrival_abandoned_jail, layout_rooms,
          shapermc_ecumenical_altar_mp_vishouse
D:2:      layout_basic, uniq_terence
D:3:      layout_basic, nicolae_uskayaw_murder_on_the_dancefloor, uniq_grinder
D:4:      layout_cave_pools, portal_sewer_entry_c
D:5:      layout_gridville, hangedman_decor_diamond_cutter

Skill      XL: |  1  2  3  4  5  6  7  8 |
---------------+-------------------------+-----
Spellcasting   | 5 6 |  6.0
Short Blades   | 1 2 3 |  3.1
Long Blades    | 1 2 3 |  3.1
Axes           | 1 2 3 |  3.1
Maces & Flails | 1 2 3 |  3.1
Polearms       | 1 2 3 |  3.1
Staves         | 1 2 3 |  3.1
Slings         | 1 2 3 |  3.1
Bows           | 1 2 3 |  3.1
Crossbows      | 1 2 3 |  3.1
Throwing       | 1 2 3 |  3.1
Armour         | 1 2 3 |  3.1
Shields        | 1 2 3 |  3.1
Unarmed Combat | 1 2 3 |  3.1
Fighting       | 3 4 |  4.1
Dodging        | 3 4 |  4.1
Stealth        | 3 4 |  4.0
Conjurations   | 4 |  4.6
Hexes          | 1 2 |  2.5
Summonings     | 1 2 |  2.5
Necromancy     | 1 2 |  2.5
Translocations | 1 2 |  2.5
Transmutations | 1 2 |  2.5
Fire Magic     | 1 2 |  2.5
Ice Magic      | 1 2 |  2.5
Air Magic      | 1 2 |  2.5
Earth Magic    | 1 2 |  2.5
Poison Magic   | 1 2 |  2.5
Invocations    | 3 4 |  4.4
Evocations     | 5 |  5.6

Action                   |  1- 3 |  4- 6 |  7- 9 || total
-------------------------+-------+-------+-------++-------
Melee: Dagger            |    27 |       |       ||    27
       Bite              |     2 |     2 |     3 ||     7
       Short sword       |     3 |    26 |    52 ||    81
       Punch             |       |       |     2 ||     2
 Fire: Hunting sling     |     6 |       |       ||     6
 Cast: Foxfire           |    47 |    82 |    96 ||   225
       Mephitic Cloud    |       |       |     1 ||     1
       Blink             |       |       |     1 ||     1
  Use: Scroll            |       |       |     5 ||     5
 Stab: Sleeping          |     2 |     2 |     1 ||     5
Armor: Robe              |    18 |     9 |    18 ||    45
Dodge: Dodged            |    50 |    18 |    46 ||   114
